 Dungeon Crawl Stone Soup version 0.31-a0-981-geadf994542 (webtiles) character file.

Game seed: 18000540514747272895

108626 LadyBoffin the Bludgeoner (level 16, 0/124 HPs)
             Began as a Barachi Fighter on Oct 31, 2023.
             Was the Champion of Qazlal.
             Splashed by a goliath frog's acid (8 damage)
             ... on level 2 of the Swamp on Nov 1, 2023.
             The game lasted 01:46:22 (18530 turns).

LadyBoffin the Bludgeoner (Barachi Fighter)        Turns: 18530, Time: 01:46:22

Health: 0/124      AC: 28    Str: 26    XL:     16   Next: 50%
Magic:  17/23      EV:  8    Int:  9    God:    Qazlal [******]
Gold:   1647       SH: 23    Dex: 24    Spells: 15/16 levels left

rFire   . . .        E - +6 morningstar (flame)
rCold   . . .        r - +0 kite shield
rNeg    . . .        Z - +1 plate armour
rPois   .            n - +2 helmet
rElec   .            v - +2 cloak
rCorr   .            b - +1 pair of gloves
SInv    .            (no boots)
Will    +....        P - amulet of Viur {Acrobat Regen+ Str+3} Stlth
                     f - +6 ring of strength
HPRegen 1.20/turn    c - +6 ring of dexterity
MPRegen 0.18/turn

%: repel missiles, acrobat
@: protected from physical damage, unable to read, slow
A: amphibious, slowness 1, strong legs 2, +LOS, hooves 1, frail 1, weak 1,
inability to read after injury 1
a: Hop, Renounce Religion, Upheaval, Elemental Force, Disaster Area


You were on level 2 of the Swamp.
You worshipped Qazlal.
Qazlal was exalted by your worship.
You visited 4 branches of the dungeon, and saw 23 of its levels.
You visited the Abyss 1 time.

You collected 1879 gold pieces.
You spent 232 gold pieces at shops.

Inventory:

Hand Weapons
 a - the +7 war axe of Parsimonious Prudence {vamp, Str+4 Stlth-}
   (You found it on level 14 of the Dungeon)

   Str+4:     It affects your strength (+4).
   Stlth-:    It makes you less stealthy.
 y - the +4 hand axe of Contumacious Gallantry {flame, Dex+3}
   (You found it on level 6 of the Dungeon)

   Dex+3:     It affects your dexterity (+3).
 E - a +6 morningstar of flaming (weapon)
 J - the +9 mace of the Jumping Gods {drain, rElec rF+}
   (You found it on level 3 of the Lair of Beasts)

   rF+:       It protects you from fire.
   rElec:     It insulates you from electricity.
Armour
 b - a +1 pair of gloves (worn)
 n - a +2 helmet (worn)
 r - a +0 kite shield (worn)
 v - a +2 cloak (worn)
 Z - a +1 plate armour (worn)
Jewellery
 c - a +6 ring of dexterity (right hand)
 f - a +6 ring of strength (left hand)
 g - an amulet of regeneration
 k - a ring of positive energy
 q - an amulet of magic regeneration
 I - a ring of protection from fire
 L - a ring of positive energy
 P - the amulet of Viur (around neck) {Acrobat Regen+ Str+3}
   (You found it on level 4 of the Lair of Beasts)

   [amulet of the acrobat]

   Acrobat:   It increases your evasion while moving and waiting.
   Str+3:     It affects your strength (+3).
   Regen+:    It increases your rate of health regeneration.
 V - a ring of protection from cold
 Y - the amulet "Guwnua" {Reflect rN+ SH+5}
   (You took it off a deep elf pyromancer on level 12 of the Dungeon)

   [amulet of reflection]

   Reflect:   It reflects blocked missile attacks.
   rN+:       It protects you from negative energy.
   SH+5:      It affects your SH (+5).
Wands
 t - a wand of digging (2)
 w - a wand of acid (6)
 G - a wand of charming (14)
 N - a wand of polymorph (14)
 R - a wand of mindburst (14)
 T - a wand of roots (19)
Scrolls
 e - 4 scrolls of poison
 h - 7 scrolls of identify
 j - 2 scrolls of amnesia
 s - 3 scrolls of torment
 B - 3 scrolls of blinking
 C - 2 scrolls of revelation
 F - 8 scrolls of teleportation
 K - 3 scrolls of vulnerability
 M - a scroll of immolation
 U - 2 scrolls of fog
 W - a scroll of brand weapon
 X - a scroll of fear
Potions
 d - 4 potions of might
 i - a potion of resistance
 l - a potion of cancellation
 o - a potion of invisibility
 p - 4 potions of curing
 u - 3 potions of attraction
 x - 5 potions of lignification
 z - 2 potions of magic
 D - 4 potions of brilliance
 O - 2 potions of haste
 Q - 2 potions of enlightenment
 S - 2 potions of mutation
Miscellaneous
 H - a phial of floods


   Skills:
 * Level 16.0 Fighting
 - Level 7.0 Long Blades
 - Level 7.9(13.6) Axes
 * Level 17.3(18.0) Maces & Flails
 + Level 11.5 Armour
 - Level 1.2 Dodging
 + Level 14.3 Shields
 - Level 0.8 Spellcasting
 * Level 9.8 Invocations
 + Level 1.5 Evocations


You had 15 spell levels left.
You knew the following spells:

 Your Spells              Type           Power      Damage    Failure   Level
a - Magic Dart            Conj           0%         1d3       99%         1

Your spell library contained the following spells:

 Spells                   Type           Power      Damage    Failure   Level
 Necrotise                Necr           0%         1d4       99%         1
 Shock                    Conj/Air       0%         1d3       99%         1
 Slow                     Hex            0%         N/A       99%         1
 Blink                    Tloc           0%         N/A       100%        2
 Call Imp                 Summ           0%         N/A       100%        2
 Lesser Beckoning         Tloc           0%         N/A       100%        2
 Momentum Strike          Conj/Tloc      0%         3d8       100%        2
 Confusing Touch          Hex            0%         N/A       100%        3
 Mephitic Cloud           Conj/Pois/Air  0%         N/A       100%        3
 Ozocubu's Armour         Ice            0%         N/A       100%        3
 Sigil of Binding         Hex            0%         N/A       100%        3
 Stone Arrow              Conj/Erth      0%         3d7       100%        3
 Swiftness                Air            0%         N/A       100%        3
 Vampiric Draining        Necr           0%         2d6       100%        3
 Airstrike                Air            0%         2d(0-16)  100%        4
 Anguish                  Hex/Necr       0%         N/A       100%        4
 Animate Armour           Summ/Erth      0%         N/A       100%        4
 Cause Fear               Hex            0%         N/A       100%        4
 Summon Ice Beast         Ice/Summ       0%         N/A       100%        4
 Agony                    Necr           0%         N/A       100%        5
 Summon Mana Viper        Hex/Summ       0%         N/A       100%        5
 Enfeeble                 Hex            0%         N/A       100%        7
 Monstrous Menagerie      Summ           0%         N/A       100%        7
 Ozocubu's Refrigeration  Ice            0%         4d7       100%        7
 Lehudib's Crystal Spear  Conj/Erth      0%         10d2      100%        8


Dungeon Overview and Level Annotations

Branches:
Dungeon (15/15)            Temple (1/1) D:4            Lair (5/5) D:8
  Swamp (2/4) Lair:3       Spider (0/4) Lair:2        Slime (0/5) Lair:5
    Orc (0/2) D:12         Vaults (0/5) D:13         Depths (0/4) D:15

Altars:
Ashenzari
Cheibriados
Dithmenos
Elyvilon
Fedhas
Gozag
Hepliaklqana
Kikubaaqudgha
Makhleb
Nemelex Xobeh
Okawaru
Qazlal
Ru
Sif Muna
Trog
Uskayaw
Vehumet
Wu Jian
Xom
Yredelemnul
Zin
The Shining One
Jiyva

Shops:
D:3 !   D:8 :   D:12 ([*   D:13 ?   D:15 *

Portals:
Abyss: Lair:1
Trove: D:13 (give 2 scrolls of acquirement)

Annotations:
D:12 2 runed translucent doors
Lair:1 2 transporters, thalassios's ghost, journeyman DjCA
Lair:3 exclusion: oklob plant


Innate Abilities, Weirdness & Mutations

You are amphibious.
You cover ground slowly.
You can hop long distances.
You have an extended range of vision and can be seen from far away.
You have large cloven feet.
You are frail. (-10% HP)
You are weak. (Str -2)
You occasionally lose the ability to read scrolls when taking damage.


Message History

The goliath frog is engulfed in a thunderstorm.
You kill the goliath frog!
Qazlal accepts your kill. You block the swamp worm's attack.
The fenstrider witch casts a spell at you.
Your body is wracked with pain!
Your Fighting skill increases to level 16!
You hit the fenstrider witch but do no damage.
You kick the fenstrider witch, but do no damage.
The fenstrider witch is heavily wounded.
The swamp worm fires a harpoon shot at you.
The harpoon shot is repelled.
The swamp worm bites you!
* * * LOW HITPOINT WARNING * * *
You block the fenstrider witch's attack.
The fenstrider witch kicks you.
* * * LOW HITPOINT WARNING * * *
Your magical effects are unravelling.
You feel magically purged.
You are no longer corroded.
The goliath frog is engulfed in freezing vapours.
You block the goliath frog's attack.
The fenstrider witch hits you but does no damage.
You block the fenstrider witch's attack.
The goliath frog is engulfed in freezing vapours.
The goliath frog completely misses you.
You feel much better.
The four-headed hydra is engulfed in freezing vapours.
You block the four-headed hydra's attack.
The four-headed hydra bites you!
* * * LOW HITPOINT WARNING * * *
You feel threatened and lose the ability to read scrolls!
You block the four-headed hydra's attack.
The four-headed hydra bites you but does no damage.
The fenstrider witch points at you and mumbles some strange words.
You struggle to resist.
You block the swamp worm's attack.
The goliath frog is engulfed in freezing vapours.
The goliath frog seems to slow down.
The goliath frog hits you from afar!!
* * * LOW HITPOINT WARNING * * *
You are splashed with acid!
You die...

♣♣ ♣♣ ♣♣§ ♣♣~ ..~
♣♣~~. .~♣♣ ♣♣.§~.
♣~.♣ ♣.§~..~ ♣w.♣
♣..~~.§♣♣.$♣
.~♣~.§.†♣♣§♣♣
~§.$.$§)@w.<♣
♣..≈.≈☼HDw♣.♣
♣.≈≈≈≈°≈≈≈F~♣
♣.≈≈≈≈≈≈≈≈≈n§~
.≈≈≈≈≈≈≈≈†.~~~.♣
.≈≈≈≈≈≈≈≈≈.§...♣
.≈≈≈≈≈..≈≈~~~~~.~
♣.≈≈≈R<.≈.~..~.~~
♣♣.......$..~~.§♣~


You could see an eleionoma, a four-headed hydra (strong), a fenstrider witch, a
goliath frog (strong, slow), a bog body and 2 swamp worms.

Vanquished Creatures
  Jorgrun (D:15)
  An Executioner (Abyss:2)
  A revenant (Abyss:2)
  A fenstrider witch (Swamp:1)
  A cacodemon (Abyss:2)
  A purple draconian (Abyss:2)
  Nessos (D:14)
  8 hydras
  2 rakshasas
  2 ghost crabs (Swamp:1)
  Harold (Lair:2)
  A vault guard (D:13)
  3 catoblepae
  7 boulder beetles
  6 centaur warriors
  An alligator (Swamp:1)
  2 two-headed ogres
  2 tengu warriors
  2 thrashing horrors (Abyss:2)
  A naga warrior (Abyss:2)
  3 occultists (D:15)
  The ghost of Kunndt the Fighter, a novice HuHu of Hepliaklqana (D:9)
  8 death yaks
  A sixfirhy (Abyss:2)
  Amaemon (Lair:2)
  3 goliath frogs
  Lodul (D:13)
  A swamp dragon (Swamp:1)
  4 bog bodies
  A spriggan druid (Swamp:2)
  2 arcanists (D:13)
  A deep elf zephyrmancer (D:15)
  A deep elf archer (D:13)
  A necromancer (D:15)
  4 deep elf pyromancers
  A shining eye (Abyss:2)
  8 ugly things
  3 manticores
  3 cyclopes
  8 elephants
  Maurice (D:10)
  A worldbinder (Abyss:2)
  Joseph (D:9)
  2 centaur zombies (D:15)
  2 black mambas
  A guardian serpent (Abyss:2)
  A torpor snail (Lair:4)
  7 orange demons
  An apocalypse crab (Abyss:2)
  Jeremiah (D:8)
  2 gargoyles
  11 cane toads
  An unseen horror (D:12)
  11 rime drakes
  A kobold demonologist (D:12)
  A yaktaur (D:13)
  4 efreet
  Psyche (D:8)
  8 komodo dragons
  A tengu conjurer (D:15)
  2 red devils (D:10)
  3 polar bears
  8 trolls
  5 tyrant leeches
  6 hornets
  25 blink frogs
  3 small abominations (Abyss:2)
  6 dream sheep (Lair:5)
  3 slime creatures (D:12)
  4 shadows
  2 centaur simulacra
  A culicivora (Lair:2)
  23 yaks
  6 wraiths
  A jumping spider (Lair:2)
  5 spriggans (Swamp:1)
  2 vampires (D:12)
  Eustachio (D:6)
  A ynoxinul (Abyss:2)
  2 large abominations (Abyss:2)
  9 wyverns
  5 steam dragons
  19 humans (D:13)
  4 basilisks
  2 redbacks (Lair:2)
  13 vampire mosquitoes
  5 acid dragons
  3 nagas (Abyss:2)
  7 swamp worms
  9 water moccasins
  2 hell hounds (D:15)
  6 orc warriors
  3 ice beasts
  A sky beast (D:6)
  3 black bears
  9 ogres
  14 wolves
  3 boggarts (D:14)
  15 centaurs
  2 kobold brigands
  11 bullfrogs
  5 scorpions
  4 wights (D:8)
  24 killer bees
  9 howler monkeys
  An electric eel (Lair:2)
  4 hounds
  A quasit (Abyss:2)
  4 jellies
  2 gnoll boudas
  6 orc priests
  7 starcursed masses (Abyss:2)
  An iron imp (Abyss:2)
  2 sleepcaps
  3 iguanas
  12 orc wizards
  6 hell rats (D:15)
  20 gnolls
  9 adders
  6 ufetubi
  5 worms
  5 dart slugs
  36 orcs
  9 bats
  9 endoplasms
  3 giant cockroaches
  18 goblins
  15 hobgoblins
  2 jackals (D:1)
  23 kobolds
  7 quokkas
  8 ball pythons
  3 frilled lizards (D:2)
  6 rats
689 creatures vanquished.

Vanquished Creatures (collateral kills)
  A fire dragon (Lair:5)
  A swamp dragon (Lair:5)
  An acid dragon (Lair:5)
3 creatures vanquished.

Vanquished Creatures (others)
  A will-o-the-wisp (Swamp:1)
  A bloated husk (Swamp:1)
  A swamp worm (Swamp:1)
  A swamp drake (Swamp:1)
  6 foxfires (Swamp:1)
  A lurking horror (Abyss:2)
11 creatures vanquished.

Grand Total: 703 creatures vanquished

Notes
Turn   | Place    | Note
-------+----------+-------------------------------------------
     0 | D:1      | LadyBoffin the Barachi Fighter began the quest for the Orb.
     0 | D:1      | Reached XP level 1. HP: 18/18 MP: 1/1
    51 | D:1      | Reached XP level 2. HP: 25/25 MP: 2/2
   690 | D:1      | Reached XP level 3. HP: 30/30 MP: 3/3
   964 | D:2      | Reached skill level 1 in Dodging
  1049 | D:2      | Reached XP level 4. HP: 38/38 MP: 4/4
  1307 | D:2      | Learned a level 1 spell: Magic Dart
  1522 | D:3      | Reached XP level 5. HP: 40/43 MP: 6/6
  1565 | D:3      | You fall into a shaft and drop 1 floor!
  1643 | D:4      | Found a staircase to the Ecumenical Temple.
  1662 | Temple   | Entered the Ecumenical Temple
  1662 | Temple   | Noticed a Brimstone Fiend
  1662 | Temple   | Noticed Lyedghid the pandemonium lord
  1662 | Temple   | Noticed Raenolecka the pandemonium lord
  1662 | Temple   | Noticed a soul eater
  1662 | Temple   | Noticed a Brimstone Fiend
  1662 | Temple   | Noticed a smoke demon
  1662 | Temple   | Noticed a cacodemon
  1662 | Temple   | Noticed Lovoerch the pandemonium lord
  1662 | Temple   | Noticed a hellion
  1662 | Temple   | Noticed Zeirripn the pandemonium lord
  1662 | Temple   | Noticed a blizzard demon
  1663 | Temple   | Noticed a blizzard demon
  1665 | Temple   | Noticed a chaos spawn
  1666 | Temple   | Noticed a rust devil
  1667 | Temple   | Noticed a ynoxinul
  1670 | Temple   | Noticed an Executioner
  1702 | Temple   | Noticed Meceaff the pandemonium lord
  1706 | Temple   | Noticed a neqoxec
  1765 | Temple   | Became a worshipper of Qazlal Stormbringer
  2389 | D:3      | Reached XP level 6. HP: 49/49 MP: 7/7
  2449 | D:3      | Found Eprip's Distillery.
  2631 | D:3      | Reached * piety under Qazlal
  2632 | D:3      | Reached skill level 5 in Armour
  2837 | D:5      | Entered Level 5 of the Dungeon
  2872 | D:5      | Reached skill level 5 in Long Blades
  2928 | D:5      | Noticed an ice beast
  2938 | D:5      | Reached skill level 5 in Fighting
  2949 | D:5      | Killed an ice beast
  2950 | D:5      | Reached XP level 7. HP: 43/56 MP: 8/8
  3347 | D:5      | Reached XP level 8. HP: 64/64 MP: 9/9
  3475 | D:5      | Found an iron altar of Okawaru.
  3487 | D:5      | Reached skill level 1 in Invocations
  3603 | D:6      | Identified the +4 hand axe of Contumacious Gallantry
                  | {flame, Dex+3}
  3700 | D:6      | Reached ** piety under Qazlal
  3790 | D:6      | Reached skill level 1 in Axes
  3941 | D:6      | Reached skill level 5 in Shields
  4055 | D:6      | Noticed Eustachio
  4063 | D:6      | Killed Eustachio
  4064 | D:6      | Reached skill level 5 in Axes
  4111 | D:6      | Reached XP level 9. HP: 67/71 MP: 10/10
  4909 | D:7      | Reached *** piety under Qazlal
  5057 | D:8      | Noticed Jeremiah
  5307 | D:8      | Reached XP level 10. HP: 80/80 MP: 11/11
  5321 | D:8      | Found a staircase to the Lair.
  5460 | D:8      | Killed Jeremiah
  5461 | D:8      | Reached skill level 1 in Maces & Flails
  5510 | D:8      | Found a white marble altar of Elyvilon.
  5577 | D:8      | Reached skill level 2 in Maces & Flails
  5835 | D:8      | Found Neur's Tremendous Tomes.
  6072 | D:8      | Noticed Psyche
  6078 | D:8      | Killed Psyche
  6130 | Lair:1   | Entered Level 1 of the Lair of Beasts
  6141 | Lair:1   | Reached skill level 3 in Maces & Flails
  6150 | Lair:1   | Reached skill level 4 in Maces & Flails
  6224 | Lair:1   | Identified the orb "Xuhaeprebue" {guile, Rampage Regen+
                  | Int+4 Slay-2}
  6267 | Lair:1   | Noticed an orange demon
  6274 | Lair:1   | Noticed a soul eater
  6275 | Lair:1   | Found a transporter.
  6283 | Lair:1   | Found a transporter.
  6331 | Lair:1   | Reached skill level 5 in Maces & Flails
  6401 | Lair:1   | Noticed a boulder beetle
  6430 | Lair:1   | Killed a boulder beetle
  6431 | Lair:1   | Reached skill level 6 in Maces & Flails
  6431 | Lair:1   | Reached XP level 11. HP: 51/89 MP: 13/13
  6635 | Lair:1   | Found a one-way gate to the infinite horrors of the Abyss.
  6636 | Lair:1   | Noticed thalassios's ghost (journeyman DjCA)
  6659 | Lair:1   | Found the +8 demon trident "Rift" {distort, reach+}
  6757 | Lair:1   | Reached skill level 7 in Maces & Flails
  6767 | Lair:1   | Reached **** piety under Qazlal
  7264 | Lair:2   | Identified the of Jiwnio
  7264 | Lair:2   | Noticed Amaemon
  7328 | Lair:2   | Noticed Harold
  7340 | Lair:2   | Killed Harold
  7363 | Lair:2   | Reached skill level 8 in Maces & Flails
  7399 | Lair:2   | Killed Amaemon
  7400 | Lair:2   | Reached skill level 10 in Fighting
  7667 | Lair:2   | Found a hole to the Spider Nest.
  7921 | Lair:2   | Reached skill level 9 in Maces & Flails
  8391 | Lair:3   | Reached skill level 5 in Invocations
  8401 | Lair:3   | Reached XP level 12. HP: 42/98 MP: 15/15
  8427 | Lair:3   | Reached skill level 10 in Maces & Flails
  8540 | Lair:3   | Found a staircase to the Swamp.
  8694 | Lair:3   | Identified the +9 mace of the Jumping Gods {drain, rElec
                  | rF+}
  8723 | Lair:3   | Identified the +3 spear of Buntenobbo {venom, rPois rF+
                  | rC-}
  8762 | Lair:3   | Reached ***** piety under Qazlal
  8878 | Lair:3   | Reached skill level 11 in Maces & Flails
  8903 | Lair:3   | Noticed a catoblepas
  8917 | Lair:3   | Killed a catoblepas
  9356 | Lair:4   | Noticed a death yak
  9384 | Lair:4   | Noticed a four-headed hydra
  9393 | Lair:4   | Killed a four-headed hydra
  9459 | Lair:4   | Killed a death yak
  9634 | Lair:4   | Reached skill level 12 in Maces & Flails
  9635 | Lair:4   | Reached skill level 10 in Shields
  9635 | Lair:4   | Reached skill level 1 in Evocations
  9635 | Lair:4   | Gained mutation: You can hop long distances. [Barachi
                  | growth]
  9635 | Lair:4   | Reached XP level 13. HP: 100/106 MP: 17/17
  9785 | Lair:4   | Identified the amulet of Viur {Acrobat Regen+ Str+3}
  9880 | Lair:4   | Identified the +2 dagger of Tejegued {flame, *Rage rF+
                  | Int+3}
 10365 | Lair:5   | Entered Level 5 of the Lair of Beasts
 10538 | Lair:5   | Reached skill level 13 in Maces & Flails
 10799 | Lair:5   | Noticed a fire dragon
 10804 | Lair:5   | Killed a fire dragon
 10989 | Lair:5   | Reached skill level 14 in Maces & Flails
 11224 | Lair:5   | Found a viscous altar of Jiyva.
 11226 | Lair:5   | Found a staircase to the Slime Pits.
 11455 | D:9      | Reached XP level 14. HP: 106/116 MP: 19/19
 11480 | D:9      | Found a runed translucent gate.
 11480 | D:9      | Found a runed translucent gate.
 11480 | D:9      | Found a runed translucent gate.
 11484 | D:9      | Noticed Kunndt's ghost (novice HuHu)
 11489 | D:9      | Noticed Joseph
 11498 | D:9      | Killed Joseph
 11954 | D:9      | Found a radiant altar of Vehumet.
 12215 | D:9      | Killed Kunndt's ghost
 12266 | D:10     | Entered Level 10 of the Dungeon
 12564 | D:10     | Found a shadowy altar of Dithmenos.
 12793 | D:10     | Noticed Maurice
 12801 | D:10     | Maurice stole 194 gold
 12803 | D:10     | Killed Maurice
 13284 | D:11     | Reached skill level 15 in Maces & Flails
 13355 | D:11     | Reached ****** piety under Qazlal
 13820 | D:12     | Found a large runed translucent door.
 13896 | D:12     | Found Eqien's Armour Boutique.
 13896 | D:12     | Found a staircase to the Orcish Mines.
 13897 | D:12     | Found Qeder's Weapon Boutique.
 13973 | D:12     | Found a large runed translucent door.
 14031 | D:12     | Found a large runed translucent door.
 14051 | D:12     | Found a large runed translucent door.
 14091 | D:12     | Reached skill level 10 in Armour
 14290 | D:12     | Identified the amulet "Guwnua" {Reflect rN+ SH+5}
 14380 | D:12     | Found Qecadwuh's Assorted Antiques.
 14385 | D:12     | Bought a scroll of enchant armour for 232 gold pieces
 14881 | D:13     | Found a portal to a secret trove of treasure.
 15138 | D:13     | Reached XP level 15. HP: 119/126 MP: 21/21
 15146 | D:13     | Reached skill level 16 in Maces & Flails
 15216 | D:13     | Found a gate to the Vaults.
 15276 | D:13     | Noticed Lodul
 15302 | D:13     | Killed Lodul
 15738 | D:13     | Found Irchea Lemp's Magic Scroll Shoppe.
 16036 | D:14     | Noticed Nessos
 16068 | D:14     | Killed Nessos
 16119 | D:14     | Identified the +7 war axe of Parsimonious Prudence {vamp,
                  | Str+4 Stlth-}
 16740 | D:15     | Entered Level 15 of the Dungeon
 16803 | D:15     | Found Venim's General Store.
 17121 | D:15     | Noticed Jorgrun
 17132 | D:15     | Killed Jorgrun
 17144 | Abyss:2  | Cast into level 2 of the Abyss (an occultist)
 17184 | Abyss:2  | Reached skill level 15 in Fighting
 17368 | Abyss:2  | Noticed an Executioner
 17368 | Abyss:2  | Gained mutation: You are frail. (-10% HP) [a shining eye]
 17382 | Abyss:2  | Reached XP level 16. HP: 76/122 MP: 14/23
 17383 | Abyss:2  | Killed an Executioner
 17384 | Abyss:2  | Reached skill level 17 in Maces & Flails
 17384 | Abyss:2  | Gained mutation: You have large cloven feet. [a shining
                  | eye]
 17392 | Abyss:2  | Gained mutation: You are weak. (Str -2) [a shining eye]
 17399 | Abyss:2  | Gained mutation: You occasionally lose the ability to read
                  | scrolls when taking damage. [a shining eye]
 17408 | Abyss:2  | Noticed a revenant
 17414 | Abyss:2  | Killed a revenant
 17418 | D:15     | Escaped the Abyss
 17638 | D:15     | Found a staircase to the Depths.
 17891 | Swamp:1  | Entered Level 1 of the Swamp
 17891 | Swamp:1  | Noticed a fenstrider witch
 17898 | Swamp:1  | Killed a fenstrider witch
 18517 | Swamp:2  | Noticed a fenstrider witch
 18530 | Swamp:2  | Splashed by a goliath frog's acid

Illustrated notes

Levels and vault maps discovered:
D:1:      roderic_crossed_star, layout_basic
D:2:      layout_rooms, minmay_pentomino_w4
D:3:      layout_loops_ring, serial_shops, shop, minmay_pentomino_pile
D:4:      layout_basic, minmay_temple_entry_wispy
D:5:      kennysheep_six_static_rooms, layout_cave_pools,
          okawaru_altar_gauntlet_db
D:6:      corexii_shantytown, layout_basic, uniq_eustachio
D:7:      layout_gridville
D:8:      layout_basic, lemuel_tele_altar, dpeg_oklobed_lair, kennysheep_path_1,
          nicolae_shop_i_like_big_books, uniq_psyche, uniq_jeremiah
D:9:      layout_loops_ring, general_overflow_altar, ebering_ghost_rock_garden,
          uniq_joseph
D:10:     layout_irregular_city, grunt_dithmenos_shadows,
          minmay_beelzebubs_servants, uniq_maurice
D:11:     layout_gridville
D:12:     layout_basic, orc_david_3, serial_shops, shop,
          minmay_hollow_rounded_squares
D:13:     layout_loops_corners, grunt_vaults_entry_tiered,
          nicolae_trove_entry_isolated, serial_shops, nicolae_shop_rolled_up,
          uniq_lodul
D:14:     layout_stronghold, small_statue_alley_a, uniq_nessos
D:15:     grunt_enter_depths_magical_seal, layout_cave_pools, serial_shops,
          shop, special_room [special_room_mythical_zoo], serial_park_square2,
          uniq_jorgrun
Temple:   nicolae_temple_panitentiary
Lair:1:   layout_cellular_growth, gammafunk_ghost_abyssal_escape
Lair:2:   layout_regular_city, nicolae_spider_entry_tight_spaces,
          gammafunk_lair_bear_cave, lemuel_fruit_fields, serial_bayou_shore_b,
          lemuel_fruit_fields, uniq_amaemon, uniq_harold
Lair:3:   hellmonk_destroyed_diamonds, layout_regular_city,
          skrybe_swamp_entry_bodies, beast_lair_carwin_11
Lair:4:   layout_layer_cave
Lair:5:   guppyfry_lair_end_dragon, layout_hall_layers, wormcave, slime_entry_2
Swamp:1:  layout_basic_swamp, evilmike_swamp_ruin_house_3
Swamp:2:  layout_falls_marsh, infiniplex_staircase_pool

Skill      XL: |  1  2  3  4  5  6  7  8  9 10 11 12 13 14 15 16 |
---------------+-------------------------------------------------+-----
Fighting       | 4 5 6 8 9 10 11 12 14 15 16 | 16.0
Long Blades    | 3 4 6 7 |  7.0
Dodging        | 1 |  1.2
Armour         | 4 5 6 7 8 9 10 11 | 11.5
Shields        | 4 5 6 7 8 10 11 13 14 | 14.3
Invocations    | 1 2 3 5 6 7 8 9 |  9.8
Axes           | 5 7 |  7.9
Maces & Flails | 6 9 12 14 15 16 17 | 17.3
Evocations     | 1 |  1.5
Spellcasting   | |  0.8

Action                     |  1- 3 |  4- 6 |  7- 9 | 10-12 | 13-15 | 16-18 || total
---------------------------+-------+-------+-------+-------+-------+-------++-------
  Melee: Long sword        |   113 |   240 |    73 |       |       |       ||   426
         Hand axe          |       |       |   237 |       |       |       ||   237
         Morningstar       |       |       |       |   345 |   981 |   163 ||  1489
         Kick              |       |       |       |       |       |    62 ||    62
 Invoke: Upheaval          |       |       |       |     2 |     1 |       ||     3
         Elemental Force   |       |       |       |       |     1 |       ||     1
         Disaster Area     |       |       |       |       |     2 |     1 ||     3
Ability: Hop               |       |       |       |     1 |     1 |       ||     2
  Evoke: Wand              |       |       |       |     8 |     3 |       ||    11
    Use: Scroll            |     1 |    10 |     5 |     9 |     8 |     1 ||    34
         Potion            |       |       |     1 |     8 |     3 |     4 ||    16
   Stab: Petrified         |       |       |       |       |     2 |       ||     2
 Armour: Scale mail        |    80 |   185 |   206 |   306 |   182 |       ||   959
         Skin              |       |       |       |    45 |       |       ||    45
         Plate armour      |       |       |       |       |   330 |   140 ||   470
  Dodge: Dodged            |    48 |   108 |   114 |   151 |   278 |    51 ||   750
         Repelled          |       |       |       |       |    10 |     2 ||    12
  Block: Buckler           |    23 |    65 |    84 |       |       |       ||   172
         Kite shield       |       |       |   113 |   381 |   970 |   229 ||  1693

Table legend: (Time is in decaauts)
 A = Elapsed time spent in this place.
 B = Non-inter-level travel time spent in this place.
 C = Inter-level travel time spent in this place.
 D = Time resting spent in this place.
 E = Time spent auto-exploring this place.
 F = Levels seen in this place.
 G = Mean time per level.
                   A        B        C        D        E       F      G
               +--------+--------+--------+--------+--------+-----+--------+
         Total |  21371 |  19662 |   1709 |    882 |  12678 |  24 |  890.5 |
       Dungeon |  14035 |  12928 |   1107 |    300 |   9037 |  15 |  935.7 |
        Temple |    152 |    152 |      0 |      0 |      0 |   1 |  152.0 |
          Lair |   6376 |   5786 |    590 |    522 |   3306 |   5 | 1275.2 |
         Swamp |    545 |    534 |     11 |      0 |    309 |   2 |  272.5 |
         Abyss |    260 |    260 |      0 |     60 |     24 |   1 |  260.0 |
               +--------+--------+--------+--------+--------+-----+--------+

Top non-repeatable levels by time:
  Lair:1: 1398 daAuts
    D:13: 1397 daAuts
  Lair:2: 1390 daAuts
  Lair:3: 1334 daAuts
     D:8: 1211 daAuts
  Lair:4: 1201 daAuts
     D:6: 1151 daAuts
    D:12: 1135 daAuts
     D:1: 1122 daAuts
  Lair:5: 1052 daAuts
     D:9: 1007 daAuts
    D:10: 919 daAuts
     D:3: 894 daAuts
    D:14: 894 daAuts
    D:11: 883 daAuts
